 Dungeon Crawl Stone Soup version 0.20.0-14-g326068f (webtiles) character file.

39 miragecloak the Changer (level 3, -3/23 HPs)
             Began as an Octopode Transmuter on June 8, 2017.
             Slain by Sigmund
             ... wielding a +0 scythe
              (6 damage)
             ... on level 2 of the Dungeon.
             The game lasted 00:01:13 (1520 turns).

miragecloak the Changer (Octopode Transmuter)       Turns: 1520, Time: 00:01:14

Health: -3/23      AC:  1    Str:  9    XL:     3   Next: 47%
Magic:  2/6        EV: 13    Int: 15    God:
Gold:   76         SH:  0    Dex: 13    Spells: 2/6 levels left

rFire    . . .     SeeInvis .     - Unarmed
rCold    . . .     Gourm    .   (no shield)
rNeg     . . .     Faith    .   (helmet restricted)
rPois    .         Spirit   .   (no amulet)
rElec    .         Reflect  .   (no ring)
rCorr    .         Harm     .   (no ring)
MR       .....                  (no ring)
Stlth    ++........             (no ring)
Regen    0.1/turn               (no ring)
MPRegen  0.1/turn               (no ring)
                                (no ring)
                                (no ring)

@: very slightly contaminated
A: almost no armour, stealthy swim, amphibious, 8 rings, constrict 8, camouflage
1, gelatinous body 1
a: no special abilities


You were on level 2 of the Dungeon.
You were hungry.

You visited 1 branch of the dungeon, and saw 2 of its levels.

You collected 76 gold pieces.

Inventory:

Missiles
 a - 27 arrows
Jewellery
 d - an uncursed ring of protection from fire {unknown}
Scrolls
 e - 3 scrolls of identify {unknown}
 g - a scroll of enchant armour {unknown}
 h - a scroll of recharging {unknown}
 i - a scroll of teleportation {unknown}
Potions
 f - a potion of mutation {unknown}
Books
 b - a book of Changes

   Spells                             Type                      Level
   a - Beastly Appendage              Transmutation                1
   b - Sticks to Snakes               Transmutation                2
   c - Spider Form                    Transmutation/Poison         3
   d - Ice Form                       Ice/Transmutation            4
   e - Blade Hands                    Transmutation                5
Comestibles
 c - 3 bread rations


   Skills:
 - Level 1.0 Fighting
 - Level 2.0 Dodging
 - Level 3.0 Unarmed Combat
 - Level 2.0 Spellcasting
 + Level 3.6 Transmutations
 * Level 0.5 Poison Magic


You had 2 spell levels left.
You knew the following spells:

 Your Spells              Type           Power        Failure   Level  Hunger
a - Beastly Appendage     Tmut           ##....       4%          1    #......
b - Spider Form           Tmut/Pois      #.........   28%         3    ###....


Dungeon Overview and Level Annotations

Branches:
Dungeon (2/15)

Altars:

Annotations:
D:2 Sigmund


Innate Abilities, Weirdness & Mutations

You cannot wear most types of armour.
You are very stealthy in the water. (Stealth+)
You are amphibious.
You can wear up to eight rings at the same time.
You can use your tentacles to constrict eight enemies at once.
Your skin changes colour to match your surroundings (Stealth+).
Your rubbery body absorbs attacks. (AC +1, EV +1)


Message History

Sigmund is moderately wounded.
Sigmund completely misses you.
You hit Sigmund.
Sigmund looks as sick as possible!
Sigmund is moderately wounded.
You barely miss Sigmund.
Sigmund is moderately wounded.
Sigmund points at you and mumbles some strange words.
The magic dart hits you!
* * * LOW HITPOINT WARNING * * *
You hit Sigmund but do no damage.
Sigmund looks as sick as possible!
Sigmund is moderately wounded.
Your transformation has ended.
Sigmund barely misses you.
You tentacle-slap Sigmund. You grab Sigmund.
Sigmund is moderately wounded.
You constrict Sigmund. You tentacle-slap Sigmund.
Sigmund is severely wounded.
You constrict Sigmund. Sigmund hits you with a scythe.
You die...

#.....#######..>....#
#... #.....# ####.####
#### ###.### #.# # #.#
#+## # #.# #...# #
#.#### #..... ###
#.##.#### #...... ##.#
#.......##.......
####...
..............@@.....$
+.<....
######.....#.##.......
###.... #..#.##.#
#...... #...#
#...###.# #..... #..##
#.#. #.# #...# #..#.
#.... ..# #+## #..#.
###.# ### #..#. #....
####.


You could see Sigmund.

Vanquished Creatures
  An ooze (D:1)
  A dart slug (D:1)
  3 leopard geckos (D:1)
  4 goblins
  A hobgoblin (D:1)
  6 jackals
  4 kobolds (D:1)
  5 bats (D:1)
  2 frilled lizards
  3 rats
30 creatures vanquished.

Notes
Turn   | Place    | Note
-------+----------+-------------------------------------------
     0 | D:1      | miragecloak the Octopode Transmuter began the quest for the Orb.
     0 | D:1      | Reached XP level 1. HP: 13/13 MP: 3/3
   343 | D:1      | Reached XP level 2. HP: 14/18 MP: 3/5
  1297 | D:1      | Reached XP level 3. HP: 20/23 MP: 6/6
  1302 | D:1      | Learned a level 3 spell: Spider Form
  1507 | D:2      | Noticed Sigmund
  1520 | D:2      | Slain by Sigmund

Skill      XL: |  1  2 |
---------------+-------+-----
Transmutations | 3 |  3.6
Fighting       | |  1.0
Dodging        | |  2.0
Unarmed Combat | |  3.0
Spellcasting   | |  2.0
Poison Magic   | |  0.5

Action                   || total
-------------------------++-------
Melee: Unarmed           ||    77
       Constrict         ||    15
       Kick              ||    13
       Tentacles         ||    10
 Cast: Beastly Appendage ||    17
       Spider Form       ||     4
 Stab: Sleeping          ||     3
  Eat: Chunk             ||     2
Armor: Skin              ||    10
Dodge: Dodged            ||    48
